 Dungeon Crawl Stone Soup version 0.26.0-10-g1f06aea511 (webtiles) character file.

Game seed: 9574930186159404927

394 raph the Grave Robber (level 7, 0/50 HPs)
             Began as a Human Necromancer on Feb 2, 2021.
             Was an Initiate of Ashenzari.
             Slain by a bullfrog (1 damage)
             ... on level 4 of the Dungeon.
             The game lasted 00:10:17 (5751 turns).

raph the Grave Robber (Human Necromancer)           Turns: 5751, Time: 00:10:17

Health: 0/50       AC:  9    Str:  9    XL:     7   Next: 8%
Magic:  3/11       EV: 13    Int: 16    God:    Ashenzari [......]
Gold:   173        SH:  0    Dex: 14    Spells: 3/12 levels left

rFire    . . .     SeeInvis .   e - +0 whip
rCold    . . .     Faith    .   (no shield)
rNeg     . . .     Spirit   .   p - +0 leather armour
rPois    .         Reflect  .   (no helmet)
rElec    .         Harm     .   (no cloak)
rCorr    +         Rampage  .   k - +0 pair of gloves
Will     .....                  (no boots)
Stlth    ++........             (no amulet)
HPRegen  0.16/turn              q - +4 ring of protection (curse)
MPRegen  0.12/turn              d - ring of resist corrosion

@: mighty
A: blurry vision 1, shaggy fur 1
a: Renounce Religion, Curse Item


You were on level 4 of the Dungeon.
You worshipped Ashenzari.
Ashenzari was noncommittal.
You visited 1 branch of the dungeon, and saw 4 of its levels.

You collected 173 gold pieces.

Inventory:

Hand Weapons
 e - a +0 whip (weapon)
Armour
 a - a +0 robe
 k - a +0 pair of gloves (worn)
 p - a +0 leather armour (worn)
Jewellery
 d - a ring of resist corrosion (right hand)
 q - a cursed +4 ring of protection (left hand)
Wands
 b - a wand of enslavement (7)
 h - a wand of paralysis (4)
 n - a wand of polymorph (6)
Scrolls
 g - a scroll of fog
 j - a scroll of blinking
 o - a scroll of enchant armour {unknown}
Potions
 c - a potion of brilliance
 f - a potion of might
 i - a potion of experience {unknown}
 l - a potion of berserk rage {unknown}
 m - 2 potions of attraction


   Skills:
 + Level 2.1 Fighting
 + Level 3.5 Dodging
 - Level 2.7 Stealth
 + Level 3.2 Spellcasting
 * Level 5.9 Necromancy


You had 3 spell levels left.
You knew the following spells:

 Your Spells              Type           Power        Failure   Level
a - Pain                  Necr           84%          2%          1
b - Animate Skeleton      Necr           42%          2%          1
c - Vampiric Draining     Necr           10%          7%          3
d - Animate Dead          Necr           10%          22%         4

Your spell library contained the following spells:

 Spells                   Type           Power        Failure   Level
 Agony                    Necr           21%          54%         5


Dungeon Overview and Level Annotations

Branches:
Dungeon (4/15)
 Temple: D:4-7

Altars:
Ashenzari
Ru


Innate Abilities, Weirdness & Mutations

Scrolls take you a little longer to read.
You are covered in fur. (AC +1)


Message History

The orc zaps a wand.
The puff of flame hits you!
You closely miss the bullfrog.
The bullfrog is almost dead.
The bullfrog closely misses you.
The bullfrog hits you but does no damage.
The orc zaps a wand.
The puff of flame hits you!
* * * LOW HITPOINT WARNING * * *
You see here a +0 giant spiked club.
The bullfrog hits you but does no damage.
Okay, then.
The bullfrog closely misses you.
The bullfrog hits you but does no damage.
The bullfrog swells and bulges.
The bullfrog barely misses you.
The bullfrog hits you but does no damage.
The bullfrog closely misses you. The bullfrog hits you.
* * * LOW HITPOINT WARNING * * *
The bullfrog hits you.
You die...

###..##.## #.#.# #.....#
#.# #.#.. #..## #.#
##.### #..#### #.# #..#
# #.....# #รท# #.####
#.....####.####.....
..........#........
##.####.............###.
.......@..###)#.........
#######F>.#...)....####.
#...........#...####..
#.
....###...###..........#
.. #. ##
#....###...###(#### ...
#. ##..........# #)###
..o###.## #..#...###.##
#...# ........#
##.##.####..# ###...
........# #..........##
##.


You could see a bullfrog.

Vanquished Creatures
  An ogre (D:4)
  An orc priest (D:4)
  A hound (D:4)
  2 orc wizards (D:3)
  A hound skeleton (D:4)
  3 gnolls (D:4)
  8 adders
  2 worms
  2 dart slugs (D:1)
  A leopard gecko (D:1)
  11 orcs
  4 giant cockroaches
  5 hobgoblins
  3 jackals (D:1)
  2 quokkas
  6 bats
  2 frilled lizards
  4 goblins
  6 kobolds
  5 rats
70 creatures vanquished.

Vanquished Creatures (collateral kills)
  An adder skeleton (D:4)
  A jackal (D:1)
  A ball python (D:3)
3 creatures vanquished.

Grand Total: 73 creatures vanquished

Notes
Turn   | Place    | Note
-------+----------+-------------------------------------------
     0 | D:1      | raph the Human Necromancer began the quest for the Orb.
     0 | D:1      | Reached XP level 1. HP: 13/13 MP: 3/3
   284 | D:1      | Learned a level 1 spell: Animate Skeleton
   725 | D:1      | Reached XP level 2. HP: 16/19 MP: 0/5
  1495 | D:2      | Reached XP level 3. HP: 20/24 MP: 2/6
  1654 | D:1      | Learned a level 3 spell: Vampiric Draining
  2386 | D:2      | Reached XP level 4. HP: 11/30 MP: 2/7
  3357 | D:3      | Gained mutation: Scrolls take you a little longer to read.
                  | [potion of mutation]
  3357 | D:3      | Gained mutation: You are covered in fur. (AC +1) [potion of
                  | mutation]
  3360 | D:3      | Reached XP level 5. HP: 13/36 MP: 0/8
  3873 | D:3      | Reached skill level 5 in Necromancy
  3992 | D:3      | Learned a level 4 spell: Animate Dead
  4073 | D:3      | Reached skill level 1 in Fighting
  4264 | D:3      | Found a sacrificial altar of Ru.
  4720 | D:4      | Noticed a phantom
  4873 | D:4      | Reached XP level 6. HP: 30/43 MP: 5/10
  5161 | D:4      | Noticed a phantom
  5309 | D:4      | Found a broken altar of Ashenzari.
  5312 | D:4      | Became a worshipper of Ashenzari the Shackled
  5707 | D:4      | Noticed an ogre
  5722 | D:4      | Killed an ogre
  5723 | D:4      | Reached XP level 7. HP: 33/50 MP: 1/11
  5749 | D:4      | HP: 1/50 [bullfrog (6)]
  5751 | D:4      | Slain by a bullfrog

Illustrated notes

Levels and vault maps discovered:
D:1:      onia_arrival_pentagram, layout_loops_ring
D:2:      layout_rooms, minmay_misc_feat_five
D:3:      layout_basic, nicolae_ru_great_annihilating_truth
D:4:      minmay_chambers_of_twos, layout_rooms, kennysheep_mini

Skill      XL: |  1  2  3  4  5  6 |
---------------+-------------------+-----
Dodging        | 3 |  3.5
Necromancy     | 5 |  5.9
Fighting       | 1 2 |  2.1
Spellcasting   | 3 |  3.2
Stealth        | |  2.7

Action                   |  1- 3 |  4- 6 |  7- 9 || total
-------------------------+-------+-------+-------++-------
Melee: Whip              |    20 |   137 |     6 ||   163
 Cast: Pain              |    65 |    86 |     2 ||   153
       Animate Skeleton  |     5 |     3 |       ||     8
       Vampiric Draining |       |     9 |       ||     9
Invok: Curse Item        |       |     1 |       ||     1
  Use: Potion            |       |     2 |       ||     2
       Scroll            |       |     6 |       ||     6
 Stab: Sleeping          |       |     2 |       ||     2
Armor: Robe              |     5 |    35 |       ||    40
       Leather armour    |       |    14 |     5 ||    19
Dodge: Dodged            |    42 |   137 |    10 ||   189
